 Dungeon Crawl Stone Soup version 0.29.1 (webtiles) character file.

Game seed: 17722421794333655828

125882 groovy9 the Marksminotaur (level 16, -7/139 HPs)
             Began as a Minotaur Hunter on Sept 15, 2022.
             Was a High Priest of Hepliaklqana.
             Mangled by a shock serpent (12 damage)
             ... on level 2 of the Snake Pit.
             The game lasted 01:17:00 (27213 turns).

groovy9 the Marksminotaur (Minotaur Hunter)        Turns: 27213, Time: 01:17:01

Health: -7/139     AC: 12    Str: 17    XL:     16   Next: 42%
Magic:  0/22       EV: 27    Int: 13    God:    Hepliaklqana [*****.]
Gold:   1293       SH:  0    Dex: 30    Spells: 15/15 levels left

rFire   + . .      SeeInvis .   Q - +3 arbalest (flame)
rCold   . . .      Faith    .   (shield currently unavailable)
rNeg    . . .      Spirit   +   t - +1 ring mail "Mubesifyirph" {rF+ Int+7 Dex+3 Stlth+}
rPois   +          Reflect  .   r - +2 hat
rElec   .          Harm     .   G - +0 cloak
rCorr   .          Rampage  .   D - +0 pair of gloves
Will    +....                   (no boots)
Stlth   +++.......              S - amulet of guardian spirit
HPRegen 0.33/turn               C - ring "Tut Omuy" {Dex+6 Slay+4}
MPRegen 0.18/turn               X - ring of poison resistance

@: about to teleport, weakened
A: reduced essence, horns 2, retaliatory headbutt
a: Renounce Religion, Recall Ancestor, Ancestor Identity, Transference, Idealise


You were on level 2 of the Snake Pit.
You worshipped Hepliaklqana.
Hepliaklqana was extremely pleased with you.
You visited 5 branches of the dungeon, and saw 25 of its levels.
You also visited: Volcano.

You collected 2492 gold pieces.
You spent 1199 gold pieces at shops.

Inventory:

Hand Weapons
 Q - a +3 arbalest of flaming (weapon)
Armour
 i - the +0 ring mail of Skepticism {rN+}
   (You found it on level 2 of the Snake Pit)

   rN:        It protects you from negative energy.
 k - the +1 pair of boots of the Realm of Zot {Regen+}
   (You acquired it on level 2 of the Snake Pit)

   Regen:     It increases your rate of health regeneration.
 r - a +2 hat (worn)
 t - the +1 ring mail "Mubesifyirph" (worn) {rF+ Int+7 Dex+3 Stlth+}
   (You found it on level 5 of the Dungeon)

   Int:       It affects your intelligence (+7).
   Dex:       It affects your dexterity (+3).
   rF:        It protects you from fire.
   Stlth:     It makes you more stealthy.
 D - a +0 pair of gloves (worn)
 G - a +0 cloak (worn)
 U - the +4 plate armour of the Seven Gods {Rampage Str+2 SInv}
   (You bought it in a shop on level 2 of the Orcish Mines)

   Str:       It affects your strength (+2).
   SInv:      It lets you see invisible.
   Rampage:   It bestows one free step when moving towards enemies.
Jewellery
 a - a ring of positive energy
 c - a ring of protection from cold
 f - the ring "Hukkab" {rF++ EV+4 Int+3 SInv}
   (You acquired it on level 2 of the Dungeon)

   [ring of evasion]

   EV:        It affects your evasion (+4).
   Int:       It affects your intelligence (+3).
   rF:        It greatly protects you from fire.
   SInv:      It lets you see invisible.
 C - the ring "Tut Omuy" (left hand) {Dex+6 Slay+4}
   (You found it on level 5 of the Lair of Beasts)

   [ring of dexterity]

   Dex:       It affects your dexterity (+6).
   Slay:      It affects your accuracy & damage with ranged weapons and melee
   (+4).
 S - an amulet of guardian spirit (around neck)
 X - a ring of poison resistance (right hand)
Scrolls
 b - 6 scrolls of immolation
 h - 2 scrolls of poison
 j - 6 scrolls of fear
 l - 3 scrolls of amnesia
 m - 7 scrolls of blinking
 p - 4 scrolls of silence
 u - 4 scrolls of noise
 v - 2 scrolls of magic mapping
 x - 7 scrolls of vulnerability
 z - 3 scrolls of teleportation
 M - 3 scrolls of enchant weapon
 R - a scroll of fog
 T - 2 scrolls of torment
 Z - 4 scrolls of enchant armour
Potions
 d - 5 potions of might
 e - 4 potions of degeneration
 g - 4 potions of flight
 n - 7 potions of heal wounds
 o - 2 potions of magic
 q - 3 potions of curing
 A - 3 potions of mutation
 E - 3 potions of invisibility
 F - 2 potions of attraction
 H - 3 potions of lignification
 K - 2 potions of brilliance
 P - 2 potions of haste
 Y - 2 potions of cancellation
Miscellaneous
 I - a tin of tremorstones (2/2)


   Skills:
 + Level 17.0 Fighting
 + Level 20.8 Ranged Weapons
 + Level 7.5 Armour
 + Level 15.7 Dodging
 - Level 0.7 Stealth
 + Level 10.5 Invocations


You had 15 spell levels left.
You didn't know any spells.
Your spell library contained the following spells:

 Spells                   Type           Power      Damage    Failure   Level
 Magic Dart               Conj           0%         1d3       45%         1
 Call Imp                 Summ           0%         N/A       61%         2
 Ensorcelled Hibernation  Hex/Ice        0%         N/A       61%         2
 Static Discharge         Conj/Air       0%         3-3/arc   61%         2
 Sublimation of Blood     Necr           0%         N/A       61%         2
 Mephitic Cloud           Conj/Pois/Air  0%         N/A       83%         3
 Anguish                  Hex/Necr       0%         N/A       99%         4
 Petrify                  Tmut/Erth      0%         N/A       99%         4
 Borgnjor's Vile Clutch   Necr/Erth      0%         N/A       100%        5
 Irradiate                Conj/Tmut      0%         3d11      100%        5
 Lightning Bolt           Conj/Air       0%         1d11      100%        5
 Metabolic Englaciation   Hex/Ice        0%         N/A       100%        5
 Summon Forest            Summ/Tloc      0%         N/A       100%        5
 Summon Mana Viper        Hex/Summ       0%         N/A       100%        5
 Yara's Violent Unravell  Hex/Tmut       0%         3d3       100%        5
 Death Channel            Necr           0%         N/A       100%        6
 Statue Form              Tmut/Erth      0%         N/A       100%        6
 Summon Cactus Giant      Summ           0%         N/A       100%        6
 Maxwell's Capacitive Co  Air            0%         ∞         100%        8
 Shatter                  Erth           0%         3d5*      100%        9


Dungeon Overview and Level Annotations

Branches:
Dungeon (14/15)            Temple (1/1) D:7            Lair (5/5) D:9
  Swamp (0/4) Lair:3        Snake (3/4) Lair:3        Slime (0/5) Lair:4
    Orc (2/2) D:12            Elf (0/3) Orc:2        Vaults (0/5) D:13
Volcano (visited)

Altars:
Ashenzari
Cheibriados
Dithmenos
Elyvilon
Fedhas
Gozag
Hepliaklqana
Kikubaaqudgha
Makhleb
Nemelex Xobeh
Okawaru
Qazlal
Ru
Sif Muna
Trog
Uskayaw
Vehumet
Wu Jian
Xom
Yredelemnul
Zin
The Shining One
Jiyva

Shops:
D:12 *   D:13 =   D:14 (   Orc:2 :[?!

Portals:
Pandemonium: Orc:2


Innate Abilities, Weirdness & Mutations

Your life essence is reduced to manifest your ancestor. (-10% HP)
You have a pair of horns on your head.
You reflexively headbutt those who attack you in melee.


Message History

Okay, then.
Okay, then.
You feel better. The black mamba completely misses you.
The shock serpent shoots out a bolt of lightning at you!
The bolt of electricity hits you!!
* * * LOW HITPOINT WARNING * * *
The black mamba completely misses you. x2
The shock serpent completely misses you.
You furiously retaliate!
You headbutt the shock serpent, but do no damage.
You are too injured to fight recklessly!
Fire: Q) +3 arbalest (flame)
Press: ? - help, Q - select action, (/) - cycle Shift-Dir - straight line, f - black mamba
Aim: a black mamba (almost dead, 70% to hit)
You shoot a bolt. The bolt hits the black mamba!
The bolt burns the black mamba.
You kill the black mamba!
The black mamba looks more healthy.
The black mamba closely misses you. The shock serpent misses you.
You furiously retaliate!
You headbutt the shock serpent. The black mamba completely misses you.
The shock serpent bites you.
* * * LOW HITPOINT WARNING * * *
The shock serpent shocks you!
* * * LOW HITPOINT WARNING * * *
Fire: Q) +3 arbalest (flame)
Press: ? - help, Q - select action, (/) - cycle Shift-Dir - straight line, f - black mamba
Aim: a black mamba (lightly wounded, 70% to hit)
You shoot a bolt.
The bolt closely misses the black mamba.
The black mamba misses you. The shock serpent misses you.
The black mamba closely misses you.
As you read the scroll of teleportation, it crumbles to dust.
You feel strangely unstable. The black mamba bites you.
* * * LOW HITPOINT WARNING * * *
The shock serpent bites you!
* * * LOW HITPOINT WARNING * * *
The shock serpent shocks you!
* * * LOW HITPOINT WARNING * * *
The black mamba completely misses you. The shock serpent bites you!
You die...

##........)..#.#.....##...#
#............###.....##...#
##..........####.....##...##
##.........###......##....#
##..........#.......>.##..#
###......................#..#
#...........................#
#....)######†...............##
#....######.)@.....?..........
##...)......SS†..........##...
#.....)................###...
###.........##........## #...
##.......#####......# ###.
##.....## ##...### ## #######
##### #


You could see a shock serpent and a black mamba.

Vanquished Creatures
  Asterion (Snake:1)
  Gastronok (Lair:1)
  Frances (Snake:2)
  Aizul (Snake:2)
  Josephine (Orc:1)
  The ghost of Xyudeake the Devastator, a journeyman DEFE of Vehumet (Lair:4)
  Erolcha (Orc:2)
  A salamander tyrant (Snake:1)
  5 boulder beetles
  4 vault guards (D:13)
  9 hydras
  6 anacondas
  2 centaur warriors (D:13)
  4 naga warriors
  4 two-headed ogres
  4 tengu warriors
  6 naga sharpshooters
  2 orc high priests (Orc:2)
  2 shock serpents (Snake:2)
  A goliath frog (Lair:5)
  Amaemon (Lair:1)
  A salamander mystic (Snake:1)
  A sixfirhy (Orc:2)
  Lodul (D:11)
  A naga ritualist (Snake:1)
  A deep elf archer (Volcano)
  2 wizards (D:13)
  A mana viper (Snake:2)
  7 orc knights (Orc:2)
  A wolf spider zombie (D:14)
  Pikel (D:9)
  A harpy (shapeshifter) (D:14)
  6 salamanders
  A deep elf zephyrmancer (D:10)
  9 deep elf pyromancers
  2 ugly things
  8 orc sorcerers (Orc:2)
  An oklob plant (Lair:2)
  2 manticores
  2 elephants (Lair:5)
  A cyclops (D:14)
  5 centaur zombies (D:14)
  A rust devil (Orc:2)
  16 cane toads
  An orange demon (Lair:1)
  5 naga magi
  8 black mambas
  Maurice (D:9)
  A torpor snail (Lair:1)
  8 komodo dragons
  A tengu conjurer (D:14)
  A merfolk (shapeshifter) (D:10)
  A harpy zombie (D:14)
  A hornet (D:11)
  3 polar bears
  7 trolls
  2 slime creatures (D:14)
  4 tyrant leeches (Lair:5)
  9 dream sheep
  15 blink frogs
  2 meliai zombies (D:14)
  Sigmund (D:5)
  2 shadows
  3 wraiths (Orc:1)
  38 yaks
  Eustachio (D:4)
  3 wyverns
  2 vampires (D:12)
  2 fire elementals (Volcano)
  7 vampire mosquitoes
  A chaos spawn (Orc:2)
  2 steam dragons
  Grum (D:9)
  A neqoxec (Orc:2)
  2 basilisks (D:10)
  4 wargs
  12 nagas
  A swamp worm (Lair:3)
  2 acid dragons (D:12)
  10 water moccasins
  7 hell hounds
  35 orc warriors
  3 sky beasts
  A black bear (D:5)
  2 ice beasts (D:6)
  9 ogres
  9 wolves
  3 boggarts (D:14)
  6 centaurs
  2 lemures
  2 phantoms
  2 kobold brigands (D:12)
  5 gnoll sergeants
  9 bullfrogs
  A scorpion (D:5)
  5 wights (D:8)
  14 killer bees
  4 howler monkeys
  A jelly (D:5)
  27 orc priests
  Crazy Yiuf (D:4)
  2 hounds
  A boggart zombie (D:14)
  3 iguanas
  21 orc wizards
  8 hell rats
  25 gnolls
  8 adders
  4 shadow imps
  2 white imps (D:5)
  3 ufetubi
  A worm (D:3)
  2 dart slugs (D:1)
  71 orcs
  5 ball pythons
  4 endoplasms
  2 giant cockroaches
  5 goblins
  2 hobgoblins (D:1)
  5 jackals
  9 quokkas
  4 bats
  2 frilled lizards
  6 kobolds
  3 rats
641 creatures vanquished.

Vanquished Creatures (collateral kills)
  Vashnia (Snake:2)
  4 vault guards (D:13)
  A boulder beetle (D:13)
  3 hydras
  Harold (Orc:1)
  An anaconda (Snake:1)
  A two-headed ogre (D:12)
  A tengu warrior (D:10)
  A naga sharpshooter (Snake:2)
  A sea snake (Snake:3)
  A wizard (D:14)
  4 deep elf pyromancers
  A salamander (Snake:1)
  4 mana vipers (Snake:1)
  An orc sorcerer (Orc:2)
  4 elephants (Lair:5)
  2 naga magi (Snake:2)
  4 centaur zombies (D:14)
  4 cane toads
  2 trolls
  A polar bear (Lair:3)
  A tarantella (shapeshifter) (D:13)
  2 slime creatures (D:14)
  5 yaks
  2 basilisks
  2 vampire mosquitoes (Lair:5)
  4 nagas (Snake:2)
  3 hell hounds (Volcano)
  An orc warrior (D:12)
  A hornet zombie (D:14)
  2 ogres
  A gnoll sergeant (D:12)
  3 bullfrogs
  6 orc priests
  2 orc wizards
  3 hell rats
  3 gnolls
  14 orcs
  A bat (D:12)
99 creatures vanquished.

Vanquished Creatures (others)
  A naga mage (Snake:2)
  An ancestor (Lair:2)
  11 knights
  19 fungi
  83 plants
  5 withered plants (D:3)
120 creatures vanquished.

Grand Total: 860 creatures vanquished

Notes
Turn   | Place    | Note
-------+----------+-------------------------------------------
     0 | D:1      | groovy9 the Minotaur Hunter began the quest for the Orb.
     0 | D:1      | Reached XP level 1. HP: 18/18 MP: 0/0
   236 | D:1      | Reached XP level 2. HP: 25/25 MP: 1/1
   711 | D:1      | Reached skill level 5 in Ranged Weapons
   711 | D:1      | Reached XP level 3. HP: 5/31 MP: 2/2
   991 | D:2      | Identified a scroll of acquirement
   991 | D:2      | Acquired the ring "Hukkab" {rF++ EV+4 Int+3 SInv}
  1178 | D:2      | Reached XP level 4. HP: 29/38 MP: 3/3
  2103 | D:3      | Found a faded altar of an unknown god.
  2219 | D:3      | Noticed a sky beast
  2230 | D:3      | Killed a sky beast
  2231 | D:3      | Reached skill level 6 in Ranged Weapons
  2231 | D:3      | Reached XP level 5. HP: 12/46 MP: 4/4
  3263 | D:4      | Found a blossoming altar of Fedhas.
  3412 | D:4      | Noticed a black bear
  3616 | D:4      | Noticed Eustachio
  3640 | D:4      | Killed Eustachio
  3641 | D:4      | Reached XP level 6. HP: 38/53 MP: 5/5
  3886 | D:4      | Found a runed translucent door.
  3887 | D:4      | Noticed Crazy Yiuf
  4065 | D:4      | Killed Crazy Yiuf
  4066 | D:4      | Reached skill level 7 in Ranged Weapons
  4095 | D:5      | Entered Level 5 of the Dungeon
  4206 | D:5      | Reached skill level 5 in Fighting
  4206 | D:5      | Reached XP level 7. HP: 53/61 MP: 6/6
  4281 | D:5      | Identified the +1 ring mail "Mubesifyirph" {rF+ Int+7 Dex+3
                  | Stlth+}
  4638 | D:5      | Reached skill level 5 in Dodging
  4808 | D:5      | Reached skill level 8 in Ranged Weapons
  4827 | D:5      | Noticed Sigmund
  4835 | D:5      | Killed Sigmund
  5418 | D:6      | Reached XP level 8. HP: 70/70 MP: 7/7
  5831 | D:6      | Reached skill level 9 in Ranged Weapons
  6886 | D:7      | Found a staircase to the Ecumenical Temple.
  6893 | Temple   | Entered the Ecumenical Temple
  7281 | D:7      | Reached skill level 10 in Ranged Weapons
  7517 | D:7      | Reached XP level 9. HP: 65/79 MP: 8/8
  7655 | D:7      | Found a hide-covered altar of Uskayaw.
  8005 | D:8      | Reached skill level 11 in Ranged Weapons
  8979 | D:9      | Noticed Pikel
  9399 | D:9      | Noticed Maurice
  9402 | D:9      | Noticed a troll
  9415 | D:9      | Killed a troll
  9416 | D:9      | Reached skill level 12 in Ranged Weapons
  9416 | D:9      | Reached XP level 10. HP: 79/91 MP: 9/9
  9421 | D:9      | Killed Maurice
  9487 | D:9      | Found a staircase to the Lair.
  9575 | D:9      | Killed Pikel
  9724 | D:9      | Found a shimmering altar of Xom.
 10052 | D:10     | Entered Level 10 of the Dungeon
 10118 | D:10     | Noticed a two-headed ogre
 10277 | D:10     | Found an iron altar of Okawaru.
 10283 | D:10     | Found an ornate altar of the Wu Jian Council.
 10283 | D:10     | Found a snail-covered altar of Cheibriados.
 10283 | D:10     | Found a hazy altar of Hepliaklqana.
 10283 | D:10     | Found an opulent altar of Gozag.
 10303 | D:10     | Found a shimmering blue altar of Sif Muna.
 10308 | D:10     | Found a sacrificial altar of Ru.
 10314 | D:10     | Became a worshipper of Hepliaklqana the Forgotten
 10487 | D:10     | Killed a two-headed ogre
 10488 | D:10     | Reached skill level 10 in Fighting
 10488 | D:10     | Reached skill level 13 in Ranged Weapons
 10810 | D:10     | Noticed a manticore
 10817 | D:10     | Killed a manticore
 10904 | D:10     | Noticed a deep elf zephyrmancer
 10908 | D:10     | Killed a deep elf zephyrmancer
 10955 | D:10     | Noticed a tengu warrior
 10985 | D:10     | Noticed a cyan ugly thing
 11270 | D:10     | Reached XP level 11. HP: 101/101 MP: 10/10
 11620 | Lair:1   | Entered Level 1 of the Lair of Beasts
 11620 | Lair:1   | Noticed Grum
 11627 | D:9      | Killed Grum
 11713 | Lair:1   | Noticed an eight-headed hydra
 11714 | Lair:1   | Noticed Amaemon
 12055 | D:9      | Killed an eight-headed hydra
 12056 | D:9      | Reached skill level 14 in Ranged Weapons
 12071 | Lair:1   | Reached skill level 10 in Dodging
 12314 | Lair:1   | Killed Amaemon
 12465 | Lair:1   | Noticed Gastronok
 12558 | Lair:1   | Killed Gastronok
 12895 | Lair:1   | Reached skill level 15 in Ranged Weapons
 13217 | Lair:2   | Noticed an oklob plant
 13733 | Lair:2   | Killed an oklob plant
 13815 | Lair:2   | Reached XP level 12. HP: 112/112 MP: 11/11
 13910 | Lair:2   | Reached * piety under Hepliaklqana
 14575 | Lair:3   | Reached skill level 1 in Invocations
 14750 | Lair:3   | Found a staircase to the Snake Pit.
 14758 | Lair:3   | Reached skill level 16 in Ranged Weapons
 14792 | Lair:3   | Noticed a four-headed hydra
 14799 | Lair:3   | Killed a four-headed hydra
 14928 | Lair:3   | Reached ** piety under Hepliaklqana
 14929 | Lair:3   | Remembered your ancestor Xochipepe as a knight
 14967 | Lair:3   | Found a staircase to the Swamp.
 15719 | Lair:4   | Found a runed translucent gate.
 15719 | Lair:4   | Found a runed translucent gate.
 15719 | Lair:4   | Found a runed translucent gate.
 15719 | Lair:4   | Found a viscous altar of Jiyva.
 15721 | Lair:4   | Found a staircase to the Slime Pits.
 15721 | Lair:4   | Noticed Xyudeake's ghost (journeyman DEFE)
 15721 | Lair:4   | Noticed a 14-headed hydra
 15888 | Lair:4   | Noticed a four-headed hydra
 15894 | Lair:4   | Killed a four-headed hydra
 15895 | Lair:4   | Identified the +9 lajatang "Venixulu" {flame, rN++ Int+4
                  | Dex+2}
 16173 | Lair:4   | Noticed a four-headed hydra
 16180 | Lair:4   | Killed a four-headed hydra
 16259 | Lair:4   | Killed a 14-headed hydra
 16277 | Lair:4   | Killed Xyudeake's ghost
 16521 | Lair:5   | Entered Level 5 of the Lair of Beasts
 16521 | Lair:5   | Noticed a five-headed hydra
 16525 | Lair:5   | Killed a five-headed hydra
 16526 | Lair:5   | Reached skill level 17 in Ranged Weapons
 16573 | Lair:4   | Reached XP level 13. HP: 85/109 MP: 15/15
 16949 | Lair:5   | Found a dark tunnel.
 16959 | Lair:5   | Reached skill level 5 in Invocations
 16964 | Volcano  | Entered a volcano
 17451 | Lair:5   | Reached skill level 18 in Ranged Weapons
 17535 | Lair:5   | Reached *** piety under Hepliaklqana
 17887 | Lair:5   | Reached XP level 14. HP: 119/119 MP: 17/17
 17970 | Lair:5   | Identified the ring "Tut Omuy" {Dex+6 Slay+4}
 18733 | D:10     | Found the +7 Throatcutter {drain, coup de grace}
 18871 | D:11     | Noticed Lodul
 18921 | D:11     | Killed Lodul
 19018 | D:11     | Paralysed by a hornet for 1 turns
 19135 | D:11     | Reached **** piety under Hepliaklqana
 19467 | D:11     | Identified the +2 robe of the Trombone {Harm Dex-5 Slay-4
                  | Archmagi}
 19588 | D:12     | Found a staircase to the Orcish Mines.
 19723 | D:12     | Reached skill level 19 in Ranged Weapons
 20195 | D:12     | Found Bishudi's Blood Bar.
 20296 | Orc:1    | Entered Level 1 of the Orcish Mines
 20489 | Orc:1    | Noticed Harold
 20493 | Orc:1    | Noticed Josephine
 20497 | Orc:1    | Killed Harold
 20504 | Orc:1    | Killed Josephine
 20991 | Orc:2    | Entered Level 2 of the Orcish Mines
 21021 | Orc:2    | Reached skill level 15 in Fighting
 21148 | Orc:2    | Found Biuqaho's Distillery.
 21151 | Orc:2    | Found Cusalal's Magic Scroll Shoppe.
 21204 | Orc:2    | Bought a scroll of torment for 95 gold pieces
 21343 | Orc:2    | Noticed Erolcha
 21348 | Orc:2    | Killed Erolcha
 21729 | Orc:2    | Reached ***** piety under Hepliaklqana
 22151 | Orc:2    | Found a staircase to the Elven Halls.
 22226 | Orc:2    | Found Jeall's Antique Armour Boutique.
 22226 | Orc:2    | Found Pikuc's Book Shop.
 22227 | Orc:2    | Found a one-way gate leading to the halls of Pandemonium.
 22229 | Orc:2    | Bought a scorched plate armour for 784 gold pieces
 22229 | Orc:2    | Identified the +4 plate armour of the Seven Gods {Rampage
                  | Str+2 SInv} (You bought it in a shop on level 2 of the
                  | Orcish Mines)
 22366 | D:13     | Reached XP level 15. HP: 113/126 MP: 20/20
 22378 | D:13     | Reached skill level 1 in Armour
 22523 | D:13     | Found a gate to the Vaults.
 22544 | D:13     | Reached skill level 20 in Ranged Weapons
 22669 | D:13     | Got the Anthology of Plaster Cramp
 22676 | D:13     | Got Ts'ui Pên's Parchment of Forking Paths
 22734 | D:13     | Found Terak's Jewellery Emporium.
 22737 | D:13     | Bought a ring of poison resistance for 320 gold pieces
 22984 | D:13     | Got Uluffegg's Spellbook of Axaxaxas mlö
 23055 | D:14     | Found Hoecoc's Antique Weapon Shoppe.
 23308 | D:14     | Found a basalt altar of Yredelemnul.
 23689 | D:14     | Reached skill level 15 in Dodging
 23692 | D:14     | Reached skill level 5 in Armour
 23999 | Snake:1  | Entered Level 1 of the Snake Pit
 24114 | Snake:1  | Identified the +8 flail of the Apocalypse {pain, rCorr
                  | Str+5}
 24953 | Snake:1  | Noticed Asterion
 24958 | Snake:1  | Killed Asterion
 24959 | Snake:1  | Reached XP level 16. HP: 124/136 MP: 19/22
 25272 | Snake:2  | Reached skill level 10 in Invocations
 25701 | Snake:2  | Noticed Frances
 25704 | Snake:2  | Killed Frances
 25705 | Snake:2  | Noticed Aizul
 25712 | Snake:2  | Killed Aizul
 25818 | Snake:2  | Acquired the +1 pair of boots of the Realm of Zot {Regen+}
 25921 | Snake:2  | Identified the +0 ring mail of Skepticism {rN+}
 26185 | Snake:2  | Noticed Vashnia
 26607 | Snake:2  | Killed Vashnia
 27213 | Snake:2  | HP: 5/139 [shock serpent (11)]
 27213 | Snake:2  | Mangled by a shock serpent

Illustrated notes

Levels and vault maps discovered:
D:1:      erik_arrival_orb_chamber, layout_loops_ring, minmay_misc_feat_cross
D:2:      layout_loops_ring, kennysheep_generic_room_15
D:3:      layout_basic, ebering_ecumenical_altar_petrified
D:4:      layout_loops_ring, fedhas_altar_4, uniq_crazy_yiuf_cottage,
          uniq_eustachio
D:5:      layout_loops_ring, uniq_sigmund
D:6:      layout_basic
D:7:      layout_loops_ring, mainiacjoe_overflow_tiny_flanked,
          minmay_temple_entry_drinking_statues, st_stairs_9
D:8:      layout_basic
D:9:      layout_loops_cross, overflow_temple_1_default,
          erik_lair_orcish_takeover, uniq_pikel, uniq_maurice
D:10:     layout_loops_cross, lemuel_doored_altar, grunt_temple_overflow_open,
          minmay_misc_feat_more_columns, grunt_ministairs_6, minmay_evil_grid
D:11:     layout_irregular_city, statue_in_the_mist_lemuel, uniq_lodul
D:12:     layout_roguey, kennysheep_orc_monster_closet_entryway,
          gauntlet_entry_generic, guppyfry_shop_blood
D:13:     layout_rooms, erik_vaults_2, serial_shops, kennysheep_mini_moat,
          bh_hangedman_babel_library
D:14:     layout_rooms, serial_shops, nicolae_shop_trees,
          nicolae_yredelemnul_corpse_copse
Temple:   chequers_temple_sunken
Lair:1:   layout_hall_layers, minivault_26, grunt_megastairs_1, uniq_grum,
          uniq_gastronok, uniq_amaemon
Lair:2:   layout_roguey, chequers_serial_rivers_micro_a, grunt_megastairs_2
Lair:3:   layout_concentric_octagons, minmay_swamp_entry_worms,
          guppyfry_snake_entry_island, eino_small_chamber_without_monster
Lair:4:   layout_hall_layers, slime_entry_1, gammafunk_ghost_hydra_chop
Lair:5:   minmay_lair_end_frog_pond, layout_hall_layers, enter_volcano_3
Snake:1:  layout_honeycomb, grunt_ministairs_15, serial_bayou_crossing,
          uniq_asterion
Snake:2:  layout_grid_shapes, nicolae_coiled_stairwell_down, uniq_frances,
          uniq_aizul, uniq_vashnia
Snake:3:  layout_basic, serial_shops, nicolae_lakefront_shop,
          nicolae_wooded_promenade, evilmike_ambush
          [evilmike_ambush_outer_basic, evilmike_ambush_inner_pond],
          nicolae_triple_integral
Orc:1:    layout_caves, serial_shops, nicolae_shop_stone, uniq_josephine,
          uniq_harold
Orc:2:    pf_orc_diabolical, layout_diamond_mine, mines2_david, uniq_erolcha

Skill      XL: |  1  2  3  4  5  6  7  8  9 10 11 12 13 14 15 16 |
---------------+-------------------------------------------------+-----
Fighting       | 3 4 5 7 9 10 12 13 14 15 16 17 | 17.0
Ranged Weapons | 5 6 7 8 10 12 13 15 17 18 19 20 | 20.8
Dodging        | 3 4 5 6 8 9 11 12 13 14 15 | 15.7
Invocations    | 4 6 8 9 10 | 10.5
Armour         | 6 7 |  7.5
Stealth        | |  0.7

Action                   |  1- 3 |  4- 6 |  7- 9 | 10-12 | 13-15 | 16-18 || total
-------------------------+-------+-------+-------+-------+-------+-------++-------
 Fire: Shortbow          |    83 |   136 |   420 |   658 |   195 |       ||  1492
       Arbalest          |       |       |       |       |   768 |   113 ||   881
Invok: Recall Ancestor   |       |       |       |     3 |     3 |     1 ||     7
       Ancestor Life: Kn |       |       |       |     1 |       |       ||     1
       Idealise          |       |       |       |       |     2 |       ||     2
  Use: Scroll            |     4 |     9 |     5 |    11 |     5 |     2 ||    36
       Potion            |       |       |     1 |     4 |     4 |     2 ||    11
Armor: Leather armour    |     8 |    23 |       |       |       |       ||    31
       Ring mail         |       |       |    43 |    68 |    31 |    11 ||   153
Dodge: Dodged            |    29 |    82 |   208 |   415 |   297 |   116 ||  1147
